 Seeded DCSS version 0.30.1-4-g462c640d31 (webtiles) character file.

Game seed: 1488530604685760082 (custom seed)

12714 kingsuperguy the Severer (level 11, -5/101 HPs)
             Began as a Hill Orc Monk on Sept 10, 2023.
             Was the Champion of Beogh.
             Slain by Azrael
             ... wielding a +2 scimitar of flaming
              (10 damage)
             ... on level 13 of the Dungeon.
             The game lasted 00:23:56 (11347 turns).

kingsuperguy the Severer (Hill Orc Monk)           Turns: 11347, Time: 00:23:58

Health: -5/101     AC: 14    Str: 22    XL:     11   Next: 97%
Magic:  12/12      EV: 12    Int: 10    God:    Beogh [******]
Gold:   801        SH:  0    Dex: 13    Spells: 10/10 levels left

rFire   . . .        f - +11 broad axe "Hill Orc's Regret" {spect, Str+3}
rCold   . . .        (no shield)
rNeg    . . .        I - +0 acid dragon scales
rPois   .            U - +2 helmet
rElec   .            k - +0 cloak
rCorr   +            (no gloves)
SInv    .            t - +0 pair of boots
Will    .....        (no amulet)
Stlth   ++           (no ring)
HPRegen 0.36/turn    (no ring)
MPRegen 0.13/turn

%: no passive effects
@: no status effects
A: walk on water
a: Renounce Religion, Smiting, Recall Orcish Followers, Give Item to Named
Follower, Resurrection


You were on level 13 of the Dungeon.
You worshipped Beogh.
Beogh was exalted by your worship.
You visited 1 branch of the dungeon, and saw 13 of its levels.
You also visited: Sewer and Ossuary.

You collected 801 gold pieces.

Inventory:

Hand Weapons
 a - a +0 hand axe
 f - the +11 broad axe "Hill Orc's Regret" (weapon) {spect, Str+3}
   (You found it on level 3 of the Dungeon)

   Str:       It affects your strength (+3).
 R - a +2 dire flail of holy wrath
Armour
 k - a +0 cloak (worn)
 t - a +0 pair of boots (worn)
 x - a +0 plate armour
 I - +0 acid dragon scales (worn)
 U - a +2 helmet (worn)
 W - the orb of Haez {guile, Rampage rCorr Int+2 Dex-3}
   (You found it on level 10 of the Dungeon)

   Int:       It affects your intelligence (+2).
   Dex:       It affects your dexterity (-3).
   rCorr:     It protects you from acid and corrosion.
   Rampage:   It bestows one free step when moving towards enemies.
 Z - a +1 scale mail of poison resistance
Jewellery
 y - a +6 ring of intelligence
 A - a ring of ice
 J - a ring of flight
 O - a +6 ring of intelligence
 Q - a ring of see invisible
 Y - a ring of poison resistance
Wands
 b - a wand of mindburst (10)
 l - a wand of flame (45)
 L - a wand of paralysis (11)
 N - a wand of acid (3)
 V - a wand of roots (7)
Scrolls
 e - 7 scrolls of teleportation {unknown}
 g - 10 scrolls of identify {unknown}
 h - 4 scrolls of fog {unknown}
 j - 2 scrolls of fear {unknown}
 m - a scroll of enchant armour {unknown}
 n - 2 scrolls of amnesia {unknown}
 o - 2 scrolls of blinking {unknown}
 q - 2 scrolls of summoning {unknown}
 s - 2 scrolls of brand weapon {unknown}
 v - 5 scrolls of immolation {unknown}
 B - 2 scrolls of enchant weapon {unknown}
 E - 5 scrolls of magic mapping {unknown}
 K - 2 scrolls of noise {unknown}
 M - 2 scrolls of vulnerability {unknown}
 X - 3 scrolls of silence {unknown}
Potions
 c - 4 potions of ambrosia
 i - 14 potions of curing
 p - 3 potions of degeneration {unknown}
 r - 6 potions of attraction {unknown}
 u - a potion of might {unknown}
 w - 4 potions of haste {unknown}
 z - a potion of magic {unknown}
 C - a potion of cancellation {unknown}
 D - 2 potions of brilliance {unknown}
 F - 3 potions of mutation {unknown}
 G - 2 potions of heal wounds {unknown}
 H - 2 potions of resistance {unknown}
 P - a potion of invisibility {unknown}
 S - a potion of flight {unknown}


   Skills:
 + Level 10.9 Fighting
 + Level 17.4 Axes
 + Level 9.5 Armour
 + Level 3.4 Dodging
 + Level 3.0 Stealth
 + Level 2.0 Invocations
 + Level 0.4 Evocations


You had 10 spell levels left.
You didn't know any spells.
Your spell library contained the following spells:

 Spells                   Type           Power      Damage    Failure   Level
 Apportation              Tloc           0%         N/A       41%         1
 Kiss of Death            Conj/Necr      0%         2d5       41%         1
 Necrotise                Necr           0%         1d4       41%         1
 Sandblast                Erth           0%         2d4       41%         1
 Shock                    Conj/Air       0%         1d3       41%         1
 Summon Small Mammal      Summ           0%         N/A       41%         1
 Passwall                 Tmut/Erth      0%         N/A       56%         2
 Searing Ray              Conj           0%         2d4       56%         2
 Static Discharge         Conj/Air       0%         2-2/arc   56%         2
 Hailstorm                Conj/Ice       0%         3d3       80%         3
 Stone Arrow              Conj/Erth      0%         3d7       80%         3
 Swiftness                Air            0%         N/A       80%         3
 Vhi's Electric Charge    Tloc/Air       0%         N/A       80%         3
 Airstrike                Air            0%         2d(0-16)  99%         4
 Summon Ice Beast         Ice/Summ       0%         N/A       99%         4
 Summon Lightning Spire   Summ/Air       0%         N/A       99%         4
 Arcjolt                  Conj/Air       0%         1d10      100%        5
 Summon Mana Viper        Hex/Summ       0%         N/A       100%        5
 Plasma Beam              Fire/Air       0%         2x1d11    100%        6
 Monstrous Menagerie      Summ           0%         N/A       100%        7


Dungeon Overview and Level Annotations

Branches:
Dungeon (12/15)            Temple (0/1) D:5            Lair (0/5) D:9
    Orc (0/2) D:10          Sewer (visited)         Ossuary (visited)

Altars:
Elyvilon
Gozag
Trog
Uskayaw
The Shining One

Shops:
D:1 (

Annotations:
D:13 3 runed translucent doors, Azrael


Message History

Azrael howls in rage.
Azrael gestures at you. The bolt of fire hits you!!
The bolt of fire hits your orc warrior!!
Azrael gestures at you.
The sphere of damnation explodes!
The damnation engulfs you!!
* * * LOW HITPOINT WARNING * * *
The damnation engulfs Azrael.
Azrael completely resists.
The damnation engulfs your orc warrior!!
Your orc warrior dies!
The damnation engulfs your orc warrior!!
Your orc warrior dies!
You hear a shout!
Aiming: Fastroot
Press: ? - help, Q - select action, (/) - cycle Shift-Dir - straight line, p - Azrael The roots erupt in riotous growth!
Roots grab Azrael.
The grasping roots constrict Azrael.
Grimold wields a +0 arbalest.
Grimold shoots a bolt.
The bolt hits Azrael!
Azrael barely misses you.
Your orc priest calls upon Beogh to heal Grimold.
Grimold is healed somewhat.
You hit Azrael but do no damage.
Azrael is severely wounded.
Your +11 broad axe "Hill Orc's Regret" {spect, Str+3} hits Azrael but does no damage.
The grasping roots constrict Azrael.
The roots release their grip on Azrael.
Grimold shoots a bolt.
The bolt barely misses Azrael.
Azrael hits your +11 broad axe "Hill Orc's Regret" {spect, Str+3} with a +2 scimitar of flaming!!
Your spectral weapon shares its damage with you!
Azrael burns your +11 broad axe "Hill Orc's Regret" {spect, Str+3}.
Your spectral weapon shares its damage with you!
Your +11 broad axe "Hill Orc's Regret" {spect, Str+3} disappears.
* * * LOW HITPOINT WARNING * * *
Aiming: Fastroot
Press: ? - help, Q - select action, (/) - cycle Shift-Dir - straight line The roots erupt in riotous growth!
Roots grab Azrael.
The grasping roots constrict Azrael.
Azrael hits you with a +2 scimitar of flaming!
You die...

..##.##..#
#......... ...
#.##..# #.........
.. #.....#
#..##.##.. #.....#
#..##.# #.....#
#..##.#
#.....###).##.#
#.....)..))##.#
..##..oo)###†)...#
# .....†R@†#
#.....##..#
.........#
#.........#
..>......#
#......##.#
.##......#
#......# #......#
#......# #......#
#....>.# #.$....#
#......# #......#
#......# #......#


You could see Azrael (rooted, ally target), the friendly Grimold the orc knight
(strong) and a friendly orc priest (strong).

Vanquished Creatures
  A boulder beetle (D:13)
  Pikel (D:4)
  Maurice (D:10)
  Psyche (D:10)
  A kobold demonologist (D:11)
  A meliai (D:13)
  A troll (D:13)
  Sigmund (D:6)
  A wyvern (D:11)
  2 wraiths (D:11)
  Eustachio (D:5)
  6 yaks (D:10)
  Edmund (D:6)
  2 fire elementals (D:13)
  A vampire mosquito (D:10)
  Menkaure (D:6)
  2 acid dragons
  A water moccasin (D:6)
  3 hell hounds (D:13)
  An orc warrior (D:7)
  A sky beast (D:7)
  A black bear (D:6)
  3 ice beasts
  An ogre (D:5)
  3 boggarts (D:10)
  5 centaurs
  3 lemures (D:4)
  A phantom (D:7)
  A kobold brigand (D:9)
  A bullfrog (D:8)
  2 wyvern zombies (Ossuary)
  2 scorpions
  2 water moccasin zombies (Ossuary)
  4 killer bees (D:9)
  4 howler monkeys
  4 electric eels (D:10)
  5 centaur zombies (Ossuary)
  5 bullfrog zombies (Ossuary)
  4 gnoll boudas
  2 hounds
  2 orc priests
  2 iguanas
  An orc wizard (D:5)
  21 mummies (Ossuary)
  17 gnolls
  15 adders
  A river rat (Sewer)
  A white imp (D:6)
  An ufetubus (D:7)
  2 worms
  A dart slug (D:2)
  2 orcs
  10 endoplasms
  3 giant cockroaches
  4 goblins
  12 hobgoblins
  8 kobolds
  2 quokkas
  9 ball pythons
  5 bats
  9 frilled lizards
  10 rats
222 creatures vanquished.

Vanquished Creatures (collateral kills)
  2 hydras (D:13)
  3 boulder beetles
  A deep elf pyromancer (D:10)
  A cyclops (D:13)
  An ugly thing (D:10)
  2 trolls
  A slime creature (D:13)
  A wraith (D:10)
  2 yaks (D:10)
  A vampire (D:10)
  A basilisk (D:10)
  A fire elemental (D:13)
  A vampire mosquito (D:13)
  2 hell hounds (D:13)
  An ice beast (D:6)
  A black bear (D:5)
  An orc warrior (D:10)
  2 boggarts (D:10)
  3 centaurs (D:13)
  A lemure (D:4)
  A kobold brigand (D:10)
  Blork the orc (D:5)
  A scorpion (D:6)
  A killer bee (D:9)
  3 howler monkeys
  3 electric eels (D:13)
  A hound (D:5)
  An orc wizard (D:10)
  2 iguanas
  11 gnolls
  An adder (D:6)
  9 orcs
  4 kobolds (D:9)
68 creatures vanquished.

Vanquished Creatures (others)
  2 orc knights (D:13)
  2 orc warriors (D:13)
  2 orc priests
  3 orc wizards (D:5)
  14 orcs
  A bat (D:3)
  An endoplasm (D:3)
  A rat (D:3)
  A spectral weapon (D:13)
27 creatures vanquished.

Grand Total: 317 creatures vanquished

Notes
Turn   | Place    | Note
-------+----------+-------------------------------------------
     0 | D:1      | kingsuperguy the Hill Orc Monk began the quest for the Orb.
     0 | D:1      | Reached XP level 1. HP: 19/19 MP: 1/1
     8 | D:1      | You fall into a shaft and drop 1 floor!
    36 | D:3      | Found an opulent altar of Gozag.
    59 | D:3      | Identified the +11 broad axe "Hill Orc's Regret" {spect,
                  | Str+3}
    89 | D:3      | Noticed an orc priest
    91 | D:3      | Became a worshipper of Beogh the Brigand
    91 | D:3      | Reached * piety under Beogh
    91 | D:3      | Reached ** piety under Beogh
   234 | D:2      | Reached XP level 2. HP: 23/27 MP: 2/2
   579 | D:3      | Reached XP level 3. HP: 16/33 MP: 3/3
   888 | D:2      | Reached XP level 4. HP: 32/41 MP: 4/4
  1119 | D:1      | Reached skill level 1 in Stealth
  1202 | D:1      | Found a faded altar of an unknown god.
  1240 | D:1      | Found Dyac's Weapon Shop.
  1292 | D:1      | Reached *** piety under Beogh
  2323 | D:3      | Reached skill level 5 in Axes
  2388 | D:3      | Found a large runed translucent door.
  2389 | D:3      | Found a large runed translucent door.
  2578 | D:3      | Found a bloodstained altar of Trog.
  2590 | D:3      | Found a hide-covered altar of Uskayaw.
  2866 | D:4      | Reached XP level 5. HP: 34/47 MP: 5/5
  2899 | D:4      | Reached skill level 5 in Fighting
  2952 | D:4      | Noticed a lemure
  2952 | D:4      | Noticed a lemure
  2952 | D:4      | Noticed a lemure
  2952 | D:4      | Noticed a lemure
  2953 | D:4      | Noticed Pikel
  2966 | D:4      | Found a sand-covered staircase.
  2970 | Ossuary  | Entered an ossuary
  2986 | Ossuary  | Reached skill level 1 in Armour
  2996 | Ossuary  | Reached skill level 6 in Axes
  2998 | Ossuary  | Reached XP level 6. HP: 51/56 MP: 6/6
  3007 | Ossuary  | Reached skill level 7 in Axes
  3041 | Ossuary  | Reached **** piety under Beogh
  3047 | Ossuary  | Reached XP level 7. HP: 57/62 MP: 7/7
  3058 | Ossuary  | Reached skill level 8 in Axes
  3139 | Ossuary  | Reached skill level 9 in Axes
  3195 | Ossuary  | Reached XP level 8. HP: 66/71 MP: 8/8
  3277 | D:4      | Killed Pikel
  3278 | D:4      | Reached skill level 11 in Axes
  3858 | D:5      | Entered Level 5 of the Dungeon
  3943 | D:5      | Found a bloodstained altar of Trog.
  3952 | D:5      | Gained Grimold as an ally
  3956 | D:5      | Reached XP level 9. HP: 67/79 MP: 6/9
  3958 | D:5      | Reached skill level 12 in Axes
  4248 | D:5      | Noticed Eustachio
  4281 | D:5      | Reached skill level 1 in Invocations
  4283 | D:5      | Killed Eustachio
  4440 | D:5      | Noticed a troll
  4453 | D:5      | Killed a troll
  4453 | D:5      | Reached ***** piety under Beogh
  4455 | D:5      | Found a glowing drain.
  4467 | Sewer    | Entered a sewer
  4821 | D:5      | Noticed Blork the orc
  4840 | D:5      | Killed Blork the orc
  5194 | D:5      | Found a staircase to the Ecumenical Temple.
  5333 | D:6      | Reached skill level 13 in Axes
  5388 | D:6      | Noticed Edmund
  5394 | D:6      | Killed Edmund
  5447 | D:6      | Got Fear's Lectures on Overhead Outbursts
  5628 | D:6      | Noticed Sigmund
  5631 | D:6      | Killed Sigmund
  5655 | D:6      | Noticed Menkaure
  5661 | D:6      | Killed Menkaure
  5662 | D:6      | Reached skill level 14 in Axes
  6417 | D:7      | Reached skill level 5 in Armour
  6435 | D:7      | Reached XP level 10. HP: 79/88 MP: 11/11
  7548 | D:8      | Gained Murdo as an ally
  7849 | D:9      | Found a staircase to the Lair.
  8002 | D:9      | Found a white marble altar of Elyvilon.
  8059 | D:10     | Entered Level 10 of the Dungeon
  8132 | D:10     | Noticed Maurice
  8138 | D:10     | Killed Maurice
  8139 | D:10     | Reached skill level 15 in Axes
  8373 | D:10     | Noticed Psyche
  8382 | D:10     | Killed Psyche
  8685 | D:10     | Identified the orb of Haez {guile, Rampage rCorr Int+2
                  | Dex-3}
  8801 | D:10     | Noticed a deep elf pyromancer
  8803 | D:10     | Noticed a white ugly thing
  8840 | D:10     | Found a staircase to the Orcish Mines.
  8843 | D:10     | Killed a white ugly thing
  8844 | D:10     | Reached XP level 11. HP: 23/97 MP: 12/12
  8858 | D:10     | Killed a deep elf pyromancer
  8859 | D:10     | Reached skill level 16 in Axes
  9186 | D:10     | Reached skill level 10 in Fighting
  9264 | D:10     | Found a glowing golden altar of the Shining One.
 10237 | D:11     | Noticed a boulder beetle
 10246 | D:11     | Killed a boulder beetle
 10427 | D:12     | You fall into a shaft and drop 1 floor!
 10428 | D:13     | Noticed a five-headed hydra
 10439 | D:13     | Your ally Murdo died
 10439 | D:13     | Killed a six-headed hydra
 10459 | D:13     | Noticed a boulder beetle
 10461 | D:13     | Noticed a cyclops
 10469 | D:13     | Killed a boulder beetle
 10471 | D:13     | Killed a cyclops
 10471 | D:13     | Reached ****** piety under Beogh
 10762 | D:13     | Noticed a yaktaur captain
 10764 | D:13     | Noticed a five-headed hydra
 10767 | D:13     | Noticed a phantasmal warrior
 10767 | D:13     | Noticed a stone giant
 10768 | D:13     | Noticed a centaur warrior
 10772 | D:13     | Noticed a four-headed hydra
 10780 | D:13     | Gained Warrok as an ally
 10784 | D:13     | Killed a nine-headed hydra
 10785 | D:13     | Reached skill level 17 in Axes
 10984 | D:13     | Noticed a skyshark
 11011 | D:13     | Noticed a boulder beetle
 11011 | D:13     | Noticed a boulder beetle
 11019 | D:13     | Killed a boulder beetle
 11023 | D:13     | Killed a boulder beetle
 11255 | D:13     | Found a runed translucent gate.
 11255 | D:13     | Found a runed translucent gate.
 11255 | D:13     | Found a runed translucent gate.
 11261 | D:13     | Noticed a fire giant
 11323 | D:13     | Your ally Warrok died
 11332 | D:13     | Noticed Azrael
 11346 | D:13     | HP: 5/101 [Azrael/+2 scimitar of flaming (13)]
 11347 | D:13     | Slain by Azrael

Illustrated notes

Levels and vault maps discovered:
D:1:      nzn_arrival_settlement, layout_loops_ring, serial_shops, shop,
          hellmonk_ecumenical_altar_arch_garden, minmay_tetromino_t4
D:2:      layout_basic
D:3:      layout_loops_corners, old_standard_altar, jmf_multi_god_temple2,
          st_stairs_9
D:4:      layout_basic, serial_shops, nicolae_square_shop, enter_ossuary_5,
          skrybe_limestone_x, uniq_pikel
D:5:      layout_cave_pods, temple_fountains, portal_sewer_entry_d,
          serial_glass, glass_columns_c, glass_columns_b, minmay_ruined_shrine,
          uniq_eustachio, uniq_blork_the_orc
D:6:      layout_basic, uniq_sigmund, uniq_menkaure, uniq_edmund
D:7:      layout_basic
D:8:      layout_layer_cave, nicolae_ru_sacrificial_ziggurat,
          nicolae_grassy_gnolls
D:9:      layout_rooms, elyvilon_altar_3, dpeg_oklobed_lair,
          hangedman_decor_diamond_cutter
D:10:     layout_rooms, tso_metal_star, orc_0_dummy, serial_rivers,
          chequers_serial_rivers_micro_c, chequers_serial_rivers_micro_b,
          chequers_serial_rivers_micro_d, chequers_serial_rivers_micro_b,
          chequers_serial_rivers_micro_d, chequers_big_river,
          minmay_mirror_moons_of_madness, uniq_maurice, uniq_psyche
D:11:     layout_rooms, fungi_pond_lemuel
D:12:     layout_gridville, kennysheep_orc_sif_temple
D:13:     kennysheep_treasure_stockpile, layout_long_grid, uniq_azrael,
          uniq_kirke

Skill      XL: |  1  2  3  4  5  6  7  8  9 10 11 |
---------------+----------------------------------+-----
Fighting       | 4 5 6 7 8 9 10 | 10.9
Dodging        | 3 |  3.4
Stealth        | 1 2 3 |  3.0
Axes           | 5 6 7 9 11 14 15 17 | 17.4
Armour         | 1 2 3 5 7 9 |  9.5
Invocations    | 1 2 |  2.0
Evocations     | |  0.4

Action                     |  1- 3 |  4- 6 |  7- 9 | 10-12 || total
---------------------------+-------+-------+-------+-------++-------
  Melee: Hand axe          |    42 |       |       |       ||    42
         Broad axe         |    11 |    74 |   125 |    93 ||   303
 Invoke: Convert to Beogh  |     1 |       |       |       ||     1
         Recall Orcish Fol |       |       |     3 |     2 ||     5
         Give Item to Name |       |       |     1 |     1 ||     2
  Evoke: Wand              |       |       |       |     5 ||     5
    Use: Potion            |       |       |     1 |       ||     1
   Stab: Distracted        |       |       |     2 |     1 ||     3
 Armour: Robe              |    16 |     5 |       |       ||    21
         Plate armour      |       |    24 |    85 |    45 ||   154
         Leather armour    |       |     2 |       |       ||     2
         Acid dragon scale |       |       |       |    35 ||    35
  Dodge: Dodged            |    57 |    20 |    42 |    54 ||   173
